 Dungeon Crawl Stone Soup version 0.26.1-2-gb8aa6d0 (webtiles) character file.

Game seed: 10823399782158013385

7 GeorgeSoros the Twirler (level 2, -15/23 HPs)
             Began as a Gnoll Wanderer on Feb 10, 2021.
             Killed by an exploding a dart slug (38 damage)
             ... exploding inner flame
             ... on level 1 of the Dungeon.
             The game lasted 00:00:54 (253 turns).

GeorgeSoros the Twirler (Gnoll Wanderer)             Turns: 253, Time: 00:00:55

Health: -15/23     AC:  2    Str: 14    XL:     2   Next: 0%
Magic:  5/5        EV: 11    Int: 15    God:
Gold:   12         SH:  0    Dex: 13    Spells: 5/6 levels left

rFire    . . .     SeeInvis .   c - +5 dagger (speed)
rCold    . . .     Faith    .   (no shield)
rNeg     . . .     Spirit   .   d - +0 robe
rPois    .         Reflect  .   (no helmet)
rElec    .         Harm     .   (no cloak)
rCorr    .         Rampage  .   (no gloves)
Will     .....                  (no boots)
Stlth    +.........             (no amulet)
HPRegen  0.07/turn              (no ring)
MPRegen  0.09/turn              (no ring)

@: no status effects
A: distributed training, fangs 1, strong nose
a: no special abilities


You were on level 1 of the Dungeon.
You visited 1 branch of the dungeon, and saw 1 of its levels.

You collected 12 gold pieces.

Inventory:

Hand Weapons
 a - a +2 quarterstaff
 c - a +5 dagger of speed (weapon)
Armour
 d - a +0 robe (worn)
Scrolls
 b - a scroll of teleportation
Potions
 e - a potion of berserk rage {unknown}


   Skills:
 + Level 2.4 Fighting
 + Level 0.2 Short Blades
 + Level 0.2 Long Blades
 + Level 0.2 Axes
 + Level 0.2 Maces & Flails
 + Level 0.2 Polearms
 + Level 4.4 Staves
 + Level 0.2 Slings
 + Level 0.2 Bows
 + Level 0.2 Crossbows
 + Level 2.4 Throwing
 + Level 0.2 Armour
 + Level 0.2 Dodging
 + Level 0.2 Stealth
 + Level 2.4 Shields
 + Level 0.2 Unarmed Combat
 + Level 2.6 Spellcasting
 + Level 0.1 Conjurations
 + Level 0.1 Hexes
 + Level 3.6 Summonings
 + Level 0.1 Necromancy
 + Level 0.1 Translocations
 + Level 0.1 Transmutations
 + Level 0.1 Fire Magic
 + Level 0.1 Ice Magic
 + Level 0.1 Air Magic
 + Level 3.6 Earth Magic
 + Level 0.1 Poison Magic
 + Level 0.3 Invocations
 + Level 0.2 Evocations


You had 5 spell levels left.
You knew the following spells:

 Your Spells              Type           Power        Failure   Level
a - Summon Small Mammal   Summ           52%          4%          1

Your spell library contained the following spells:

 Spells                   Type           Power        Failure   Level
 Call Canine Familiar     Summ           13%          14%         3


Dungeon Overview and Level Annotations

Branches:
Dungeon (1/15)

Altars:


Innate Abilities, Weirdness & Mutations

Your experience applies equally to all skills.
You have very sharp teeth.
Your uncanny sense of smell can sniff out nearby items.


Message History

The bat hits you but does no damage. The bat closely misses you.
The bat hits you but does no damage. x2
You closely miss the bat. The bat barely misses you.
The bat closely misses you.
You hit the bat.
You kill the bat!
You have reached level 2!
f - a scroll labelled FUOME ZOZIM A dart slug comes into view.
As you read the scroll labelled FUOME ZOZIM, it crumbles to dust.
The creatures around you are filled with an inner flame!
It was a scroll of immolation.
You hit the dart slug.
Flame seeps out of the dart slug.
The dart slug is moderately wounded.
The dart slug is engulfed in blazing flames.
The dart slug explodes!
The fiery explosion engulfs you!!!
Ouch! That really hurt!
You die...

#....####....###.
.......†......... ∆
########..####.# #
#......##.#
#########..###.#
....##......##.#
....##......##.# #
....##.##..###.####..###
###.##......##..@○§.....
#.##......##.###§...##
#.#####.#.##.# #....#
#.##......##.# #....#
#.##......##.# #....#
#.##<...####.# #....####
#.##..(...##.# #........
#.##......##.# #....#####.
#.##.##.####.###..........


There were no monsters in sight!

Vanquished Creatures
  A dart slug (D:1)
  A leopard gecko (D:1)
  2 goblins (D:1)
  A bat (D:1)
  3 kobolds (D:1)
8 creatures vanquished.

Notes
Turn   | Place    | Note
-------+----------+-------------------------------------------
     0 | D:1      | GeorgeSoros the Gnoll Wanderer began the quest for the Orb.
     0 | D:1      | GeorgeSoros set off with the following items: a +2
                  | quarterstaff, a scroll of teleportation, a +0 robe; and the
                  | following spell memorised: Summon Small Mammal; and the
                  | following spells available to memorise: Call Canine
                  | Familiar
     0 | D:1      | Reached XP level 1. HP: 17/17 MP: 4/4
   235 | D:1      | Reached XP level 2. HP: 23/23 MP: 5/5
   253 | D:1      | Killed by an exploding a dart slug... exploding inner flame

Illustrated notes

Levels and vault maps discovered:
D:1:      dpeg_arrival_ternary, layout_basic, grunt_decor_mini_mirrors

Action                   || total
-------------------------++-------
Melee: Dagger            ||    16
       Quarterstaff      ||     3
  Use: Scroll            ||     1
Armor: Robe              ||     6
Dodge: Dodged            ||    10
